 Dungeon Crawl Stone Soup version 0.31-a0-233-g139696dc86 (webtiles) character file.

Game seed: 4954556587738413607

147 cowhearter the Slasher (level 5, -1/41 HPs)
             Began as a Demonspawn Monk on July 8, 2023.
             Slain by a river rat (6 damage)
             ... summoned by Eustachio
             ... on level 4 of the Dungeon.
             The game lasted 00:06:23 (2651 turns).

cowhearter the Slasher (Demonspawn Monk)            Turns: 2651, Time: 00:06:23

Health: -1/41      AC:  4    Str: 13    XL:     5   Next: 8%
Magic:  5/5        EV: 14    Int: 12    God:
Gold:   124        SH:  0    Dex: 21    Spells: 4/4 levels left

rFire   . . .        a - +0 falchion
rCold   . . .        d - orb {light}
rNeg    . . .        b - +0 robe
rPois   .            (no helmet)
rElec   .            (no cloak)
rCorr   .            (no gloves)
SInv    .            (no boots)
Will    +....        (no amulet)
Stlth   +            m - +6 ring of dexterity
HPRegen 0.26/turn    i - ring of willpower
MPRegen 0.09/turn

%: no passive effects
@: glowing
A: claws 1, slimy green scales 1, powered by death 1
a: no special abilities


You were on level 4 of the Dungeon.
You visited 1 branch of the dungeon, and saw 4 of its levels.

You collected 124 gold pieces.

Inventory:

Hand Weapons
 a - a +0 falchion (weapon)
Missiles
 o - 9 poisoned darts
Armour
 b - a +0 robe (worn)
 d - an orb of light (worn)
Jewellery
 i - a ring of willpower (right claw)
 m - a +6 ring of dexterity (left claw)
 p - a ring of protection from fire
Wands
 r - a wand of charming (5)
 s - a wand of iceblast (6)
Scrolls
 e - a scroll of enchant armour {unknown}
 f - 3 scrolls of fear {unknown}
 g - 2 scrolls of vulnerability {unknown}
 k - 2 scrolls of immolation {unknown}
 l - a scroll of enchant weapon {unknown}
 t - a scroll of identify {unknown}
 v - a scroll of silence {unknown}
Potions
 c - a potion of ambrosia
 h - a potion of resistance {unknown}
 j - 4 potions of curing {unknown}
 n - 4 potions of heal wounds {unknown}
 q - a potion of enlightenment {unknown}
 u - a potion of might {unknown}


   Skills:
 + Level 3.4 Fighting
 * Level 4.5 Long Blades
 + Level 3.4 Dodging
 + Level 0.5 Stealth


You had 4 spell levels left.
You didn't know any spells.
Your spell library contained the following spells:

 Spells                   Type           Power      Damage    Failure   Level
 Lesser Beckoning         Tloc           0%         N/A       45%         2
 Gell's Gravitas          Tloc           0%         N/A       69%         3
 Teleport Other           Tloc           0%         N/A       69%         3
 Olgreb's Toxic Radiance  Pois           0%         N/A       97%         4
 Discord                  Hex            0%         N/A       100%        8
 Ignition                 Fire           0%         3d3       100%        8


Dungeon Overview and Level Annotations

Branches:
Dungeon (4/15)
 Temple: D:4-7

Altars:

Annotations:
D:4 Eustachio


Innate Abilities, Weirdness & Mutations

You have sharp fingernails.
You are partially covered in slimy green scales. (AC +2)
You regenerate a little health from kills.


Message History

Eustachio mumbles some strange words.
The river rat barely misses you.
You hit Eustachio.
Eustachio is severely wounded.
The quasit disappears in a puff of smoke!
The quasit bites you but does no damage.
The quasit misses you. The quasit barely misses you.
Eustachio hits you but does no damage. The river rat misses you.
The quasit closely misses you. x2
The quasit claws you but does no damage.
You hit Eustachio but do no damage.
Eustachio is severely wounded.
Eustachio casts a spell.
The river rat bites you but does no damage.
The quasit bites you but does no damage.
The quasit claws you but does no damage.
The quasit barely misses you.
You hit Eustachio but do no damage.
Eustachio is severely wounded.
The bat disappears in a puff of smoke!
The quasit bites you but does no damage.
The quasit misses you. The quasit closely misses you.
Eustachio closely misses you. The river rat barely misses you.
The river rat misses you. The rat bites you but does no damage.
You hit Eustachio but do no damage.
Eustachio is severely wounded.
The quasit barely misses you. x2
The quasit claws you but does no damage.
Eustachio hits you with a +0 falchion. The river rat closely misses you.
The quasit bites you.
* * * LOW HITPOINT WARNING * * *
The quasit claws you but does no damage.
The quasit misses you. The rat closely misses you. The river rat bites you.
* * * LOW HITPOINT WARNING * * *
You slash Eustachio!
Eustachio is almost dead.
Eustachio hits you with a +0 falchion.
* * * LOW HITPOINT WARNING * * *
The river rat bites you.
You die...

# #.# #.#.#
#.#.#### #.......
#.#.#### #####
#>...... ...#
###.####
##r###########'####
#r@r..............#
#5@##########.....#
..b55# #.....#
###...# #.....#
.....# #.....#
##....# #######
#....# #..[.#


You could see Eustachio, a quasit (summoned), 2 river rats, a white imp
(summoned), a shadow imp (summoned), a bat (summoned) and a rat (summoned).

Vanquished Creatures
  An orc priest (D:3)
  An orc wizard (D:3)
  3 adders
  2 dart slugs (D:1)
  3 orcs
  5 endoplasms
  2 giant cockroaches
  6 goblins
  5 hobgoblins
  5 jackals (D:2)
  3 quokkas
  4 ball pythons
  A bat (D:1)
  3 frilled lizards (D:2)
  8 kobolds
  6 rats
58 creatures vanquished.

Notes
Turn   | Place    | Note
-------+----------+-------------------------------------------
     0 | D:1      | cowhearter the Demonspawn Monk began the quest for the Orb.
     0 | D:1      | Reached XP level 1. HP: 18/18 MP: 1/1
   134 | D:1      | Reached skill level 3 in Long Blades
   134 | D:1      | Gained mutation: You have sharp fingernails. [demonic
                  | ancestry]
   134 | D:1      | Reached XP level 2. HP: 11/24 MP: 2/2
   430 | D:1      | Found a faded altar of an unknown god.
   869 | D:2      | Gained mutation: You regenerate a little health from kills.
                  | [demonic ancestry]
   869 | D:2      | Reached XP level 3. HP: 29/29 MP: 3/3
  1673 | D:3      | Reached skill level 4 in Long Blades
  1673 | D:3      | Gained mutation: You are partially covered in slimy green
                  | scales. (AC +2) [demonic ancestry]
  1673 | D:3      | Reached XP level 4. HP: 16/35 MP: 4/4
  2517 | D:4      | Reached XP level 5. HP: 41/41 MP: 5/5
  2636 | D:4      | Noticed Eustachio
  2651 | D:4      | Slain by a river rat

Illustrated notes

Levels and vault maps discovered:
D:1:      lightli_arrival_noodles, layout_loops_ring,
          shapermc_ecumenical_altar_ellora, nrook_mini_vaults
D:2:      layout_rooms
D:3:      layout_basic
D:4:      layout_basic, mainiacjoe_overflow_concentric_impassable,
          minmay_temple_entry_trees, portal_sewer_entry_b, serial_shops,
          nicolae_shop_hallway_plus, uniq_eustachio

Skill      XL: |  1  2  3 |
---------------+----------+-----
Long Blades    | 3 4 |  4.5
Dodging        | 3 |  3.4
Fighting       | |  3.4
Stealth        | |  0.5

Action                     |  1- 3 |  4- 6 || total
---------------------------+-------+-------++-------
  Melee: Falchion          |   128 |    37 ||   165
 Armour: Robe              |    25 |    15 ||    40
  Dodge: Dodged            |   103 |    41 ||   144

Table legend: (Time is in decaauts)
 A = Elapsed time spent in this place.
 B = Non-inter-level travel time spent in this place.
 C = Inter-level travel time spent in this place.
 D = Time resting spent in this place.
 E = Time spent auto-exploring this place.
 F = Levels seen in this place.
 G = Mean time per level.
                   A        B        C        D        E       F      G
               +--------+--------+--------+--------+--------+-----+--------+
         Total |   2669 |   2607 |     62 |    521 |   1567 |   4 |  667.2 |
       Dungeon |   2669 |   2607 |     62 |    521 |   1567 |   4 |  667.2 |
               +--------+--------+--------+--------+--------+-----+--------+

Top non-repeatable levels by time:
     D:3: 966 daAuts
     D:1: 836 daAuts
     D:2: 642 daAuts
     D:4: 223 daAuts
